 Dungeon Crawl Stone Soup version 0.17-a0-1430-g49fde19 (webtiles) character file.

47891 panicbit the Severer (level 14, -9/129 HPs)
             Began as a Minotaur Fighter on June 25, 2015.
             Was the Champion of Okawaru.
             Mangled by a titanic slime creature (26 damage)
             ... on level 15 of the Dungeon.
             The game lasted 01:01:53 (14370 turns).

panicbit the Severer (Minotaur Fighter)            Turns: 14370, Time: 01:01:53

Health: -9/129     AC: 25    Str: 26    XL:     14   Next: 10%
Magic:  23/23      EV: 14    Int:  5    God:    Okawaru [******]
Gold:   829        SH: 14    Dex: 14    Spells: 0 memorised, 13 levels left

rFire  + . .     SeeInvis .     s - +1 broad axe of Vyos {chop, rC+}
rCold  + . .     Clarity  .     S - +0 plate armour
rNeg   . . .     SustAt   .     B - +0 shield {AC+3}
rPois  .         Gourm    .     (helmet restricted)
rElec  .         Spirit   .     E - +0 cloak
rCorr  .         Warding  .     P - +0 pair of gloves
rMut   .         Stasis   .     T - +2 pair of boots "Assiz" {+Inv rF+ MP+9 Dex+4}
MR     +....                    C - amulet of regeneration
Stlth  ..........               (no ring)
                                r - +4 ring of evasion

@: somewhat resistant to hostile enchantments, extremely unstealthy
A: retaliatory headbutt, horns 2
a: Heroism, Finesse, Renounce Religion, Evoke Invisibility


You were on level 15 of the Dungeon.
You worshipped Okawaru.
Okawaru was exalted by your worship.
You were not hungry.

You visited 2 branches of the dungeon, and saw 16 of its levels.

You collected 959 gold pieces.
You spent 130 gold pieces at shops.

Inventory:

Hand weapons
 a - a +0 war axe
 s - the +1 broad axe of Vyos (weapon) {chop, rC+}
   (Okawaru gifted it to you on level 14 of the Dungeon)

   It inflicts extra damage upon your enemies.
   It protects you from cold.
 A - a +2 flail of draining
Armour
 b - the +1 cloak of Hedge Wizardry {*Corrode rPois MP+9 Stlth+}
   (Okawaru gifted it to you on level 14 of the Dungeon)

   It protects you from poison.
   It affects your magic capacity (+9).
   It may corrode your equipment when you take damage.
   It makes you more stealthy.
 B - a +0 shield of protection (worn)
 E - a +0 cloak (worn)
 K - the +0 hat of Salvation {+Fly rPois MR- Stlth+}
   (You found it on level 7 of the Dungeon)

   It protects you from poison.
   It affects your resistance to hostile enchantments.
   It lets you fly.
   It makes you more stealthy.
 P - a +0 pair of gloves (worn)
 S - a +0 plate armour (worn)
 T - the +2 pair of boots "Assiz" (worn) {+Inv rF+ MP+9 Dex+4}
   (You acquired it on level 13 of the Dungeon)

   It affects your dexterity (+4).
   It protects you from fire.
   It affects your magic capacity (+9).
   It lets you turn invisible.
 W - a +2 ring mail of magic resistance
Jewellery
 r - a +4 ring of evasion (left hand)
 t - the ring of Vibisch {+Inv rElec rC- Str+2 Int+2}
   (You found it on level 5 of the Dungeon)

   [ring of strength]

   It affects your strength (+2).
   It affects your intelligence (+2).
   It makes you vulnerable to cold.
   It insulates you from electricity.
   It lets you turn invisible.
 C - an amulet of regeneration (around neck)
 H - an uncursed ring of protection from magic
 Q - an uncursed ring of wizardry
 V - an uncursed ring of protection from fire
Magical devices
 p - a wand of invisibility (3)
 R - a wand of frost (20)
 Y - a wand of slowing (19)
 Z - a wand of hasting (4)
Scrolls
 c - a scroll of identify
 j - 2 scrolls of magic mapping
 k - 3 scrolls of recharging
 l - 5 scrolls of teleportation
 w - 3 scrolls of remove curse
 y - 4 scrolls of fog
 G - 3 scrolls of blinking
 I - a scroll of silence
 M - 2 scrolls of enchant weapon
 N - 3 scrolls of enchant armour
Potions
 d - 2 potions of might
 f - a potion of resistance {unknown}
 g - 5 potions of curing
 i - 2 potions of mutation {unknown}
 q - 2 potions of poison {unknown}
 u - 2 potions of heal wounds
 v - a potion of lignification {unknown}
 x - a potion of cancellation {unknown}
 z - a potion of ambrosia {unknown}
 D - 3 potions of brilliance {unknown}
 F - a potion of haste {unknown}
 L - 2 potions of berserk rage {unknown}
 U - 3 potions of flight {unknown}
Comestibles
 e - 11 bread rations
 m - 5 beef jerkies
 n - 5 meat rations
 o - 12 fruits
 J - 9 slices of pizza
 X - a royal jelly


   Skills:
 + Level 13.5 Fighting
 + Level 15.8 Axes
 + Level 1.4(10.7) Maces & Flails
 + Level 12.6 Armour
 + Level 5.3 Dodging
 + Level 1.9 Stealth
 + Level 14.9 Shields
 + Level 1.8 Invocations


You had 13 spell levels left.
You didn't know any spells.

Dungeon Overview and Level Annotations

Branches:
Dungeon (15/15)            Temple (1/1) D:5            Lair (0/8) D:9
    Orc (0/4) D:11         Vaults (0/5) D:14         Depths (0/5) D:15

Altars:
Ashenzari
Cheibriados
Dithmenos
Elyvilon
Fedhas
Gozag
Kikubaaqudgha
Makhleb
Nemelex Xobeh
Okawaru
Qazlal
Ru
Sif Muna
Trog
Vehumet
Xom
Yredelemnul
Zin
The Shining One
Lugonu

Shops:
D:7 %   D:8 :

Portals:
Trove: D:10 (give +2 gold dragon armour)


Innate Abilities, Weirdness & Mutations

You reflexively headbutt those who attack you in melee.
You have a pair of horns on your head.


Message History

You barely miss the titanic slime creature.
You headbutt the titanic slime creature!
The titanic slime creature is severely wounded.
You slash the titanic slime creature!
You headbutt the titanic slime creature, but do no damage.
The titanic slime creature is almost dead.
The titanic slime creature hits you!!!
You hear a loud, deep croak!
Press: ? - help, v - describe, . - travel
Here: a slime creature An open door.
You slash the titanic slime creature!
You headbutt the titanic slime creature!
The titanic slime creature is almost dead.
The titanic slime creature hits you!!!
* * * LOW HITPOINT WARNING * * *
You hit the titanic slime creature but do no damage.
The titanic slime creature is almost dead.
The titanic slime creature hits you!!
You die...

*,**,,,,,,,,,,,,,,,,,,,.≈≈≈§§...
*,**,,,,,,,,,,,,,,...#...#≈.%>[§
*,**,,,.,,,,,,,,,....##.§≈≈.....
*,**,,,.J,,,,****#..)##..≈§≈C..≈
*,**,,,...,,,* ###...##.≈≈#§≈≈§§
*,**,,,....,,* #.....##..≈≈§§#§≈
*,**,,,.....,* #.....#*#..≈.≈.≈.
*,****,......###.....# *#.......
*,,,,,,......JJ@.<..(#######....
******,......###.......#####.###
*,.....,* #.....#).().).().
*,....,,* #####......).....
*,...,,,* #....PPP...PP
*,..,,,,* #...P.♣P...PP
*,.,,,,,* #...PP.P...P♣
********* #...PPPP...P.
#............


You could see a titanic slime creature and a slime creature.

Vanquished Creatures
  Nessos (D:14)
  3 vault guards (D:14)
  2 hydras
  5 centaur warriors
  A tengu warrior (D:14)
  3 skeletal warriors (D:13)
  An unseen horror (D:13)
  2 wizards
  4 necromancers (D:14)
  A flayed ghost (D:8)
  6 hill giants
  A wolf spider zombie (D:13)
  2 ugly things (D:11)
  2 cyclopes (D:15)
  A griffon (D:14)
  2 manticores
  An orc knight (D:15)
  3 gargoyles
  The ghost of PeterLawrence the Skirmisher, an experienced GrFi of Okawaru (D:6)
  An efreet (D:15)
  8 trolls
  A tengu conjurer (D:14)
  2 two-headed ogres
  Grinder (D:3)
  A harpy skeleton (D:14)
  15 slime creatures
  3 shadows
  18 humans
  Sigmund (D:4)
  3 wyverns
  25 yaks
  3 deep elf magi
  A deep elf fighter (D:9)
  Eustachio (D:4)
  3 fire bats (D:8)
  A yak (shapeshifter) (D:14)
  2 hippogriffs
  2 basilisks
  A warg (D:15)
  Menkaure (D:4)
  2 hungry ghosts
  5 wraiths
  7 vampire mosquitoes
  2 mottled dragons
  A water moccasin (D:8)
  A black bear (D:13)
  3 sky beasts
  7 orc warriors
  6 ice beasts
  A necrophage (D:8)
  6 ogres
  2 phantoms
  3 big kobolds
  An eye of draining (D:14)
  31 centaurs
  9 giant frogs
  2 wyvern zombies (D:9)
  The ghost of EmperorPingu0 the Skirmisher, a weakling DrAK of Lugonu (D:3)
  2 vampire bats (D:6)
  6 killer bees (D:11)
  14 wights
  7 crimson imps
  A giant frog zombie (D:7)
  3 centaur zombies
  6 hounds
  Ijyb (D:3)
  2 jellies
  5 orc priests
  Jessica (D:3)
  Natasha (thrice) (D:2)
  A gnoll shaman (D:10)
  3 iguanas
  10 orc wizards
  9 worker ants
  6 sheep
  2 hound skeletons
  11 gnolls
  8 adders
  A river rat (D:9)
  3 shadow imps
  2 oozes (D:2)
  2 adder zombies
  An adder skeleton (D:4)
  2 worms
  3 giant geckos
  35 orcs
  24 bats
  4 bat skeletons (D:6)
  4 bat zombies
  10 giant cockroaches
  14 hobgoblins
  9 jackals
  6 quokkas
  3 giant newts
  12 goblins
  A jackal zombie (D:6)
  34 kobolds
  A quokka skeleton (D:5)
  20 rats
  A fungus (D:9)
519 creatures vanquished.

Vanquished Creatures (others)
  An orc wizard (D:8)
  3 bushes (D:15)
4 creatures vanquished.

Grand Total: 523 creatures vanquished

Notes
Turn   | Place    | Note
--------------------------------------------------------------
     0 | D:1      | panicbit the Minotaur Fighter began the quest for the Orb.
     0 | D:1      | Reached XP level 1. HP: 19/19 MP: 0/0
   131 | D:1      | Reached XP level 2. HP: 27/27 MP: 1/1
   173 | D:1      | Reached skill level 4 in Armour
   587 | D:2      | Reached XP level 3. HP: 22/33 MP: 2/2
   683 | D:2      | Found a shadowy altar of Dithmenos.
   687 | D:2      | Noticed Natasha
   700 | D:2      | Killed Natasha
   700 | D:2      | Reached XP level 4. HP: 13/41 MP: 3/3
   746 | D:2      | Noticed Natasha
   795 | D:2      | Killed Natasha
   795 | D:2      | Reached skill level 1 in Dodging
   935 | D:2      | Noticed Natasha
   943 | D:2      | Killed Natasha
  1147 | D:3      | Noticed EmperorPingu0's ghost (weakling DrAK)
  1165 | D:3      | Killed EmperorPingu0's ghost
  1165 | D:3      | Reached XP level 5. HP: 30/47 MP: 4/4
  1603 | D:3      | Noticed Grinder
  1617 | D:3      | Killed Grinder
  1617 | D:3      | Reached skill level 5 in Fighting
  1617 | D:3      | Reached skill level 5 in Armour
  1617 | D:3      | Reached skill level 5 in Shields
  1617 | D:3      | Reached XP level 6. HP: 44/56 MP: 5/5
  1636 | D:3      | Noticed Ijyb
  1646 | D:3      | Killed Ijyb
  1893 | D:3      | Found an opulent altar of Gozag.
  1901 | D:3      | Noticed Jessica
  1916 | D:3      | Killed Jessica
  2068 | D:3      | Found a basalt altar of Yredelemnul.
  2236 | D:4      | Noticed Menkaure
  2244 | D:4      | Killed Menkaure
  2244 | D:4      | Reached XP level 7. HP: 20/61 MP: 6/6
  2246 | D:4      | Reached skill level 5 in Axes
  2620 | D:4      | Reached skill level 6 in Shields
  2692 | D:4      | Noticed Eustachio
  2740 | D:4      | Killed Eustachio
  3271 | D:4      | Noticed Sigmund
  3281 | D:4      | Killed Sigmund
  3281 | D:4      | Reached XP level 8. HP: 70/70 MP: 7/7
  3620 | D:5      | Entered Level 5 of the Dungeon
  3625 | D:5      | Reached skill level 7 in Shields
  3637 | D:5      | Found a stormy altar of Qazlal.
  3703 | D:5      | Found a staircase to the Ecumenical Temple.
  3744 | Temple   | Entered the Ecumenical Temple
  3781 | Temple   | Became a worshipper of Warmaster Okawaru
  3856 | D:5      | Noticed a troll
  3874 | D:5      | Killed a troll
  4229 | D:5      | Got a heavily runed copper ring
  4230 | D:5      | Identified the ring of Vibisch {+Inv rElec rC- Str+2 Int+2} (You found it on level 5 of the Dungeon)
  4607 | D:6      | Reached skill level 1 in Stealth
  4607 | D:6      | Reached skill level 8 in Shields
  4669 | D:6      | Acquired Okawaru's first power
  4704 | D:6      | Noticed PeterLawrence's ghost (experienced GrFi)
  4758 | D:6      | Killed PeterLawrence's ghost
  4758 | D:6      | Reached XP level 9. HP: 70/78 MP: 8/8
  4833 | D:6      | Found a blossoming altar of Fedhas.
  5056 | D:6      | Found an ancient bone altar of Kikubaaqudgha.
  5223 | D:7      | Reached skill level 9 in Shields
  5464 | D:7      | Found Henum's Food Shop.
  5469 | D:7      | Bought a bread ration for 65 gold pieces
  5469 | D:7      | Bought a bread ration for 65 gold pieces
  5789 | D:7      | Reached skill level 10 in Shields
  5855 | D:7      | Got a shimmering hat
  5861 | D:7      | Identified the +0 hat of Salvation {+Fly rPois MR- Stlth+} (You found it on level 7 of the Dungeon)
  6256 | D:8      | Reached XP level 10. HP: 70/88 MP: 9/9
  6372 | D:8      | Found Qougooti's Book Emporium.
  6895 | D:8      | Found a stormy altar of Qazlal.
  6929 | D:8      | Found a runed door.
  6933 | D:8      | Found a sacrificial altar of Ru.
  7011 | D:8      | Noticed a flayed ghost
  7028 | D:8      | Killed a flayed ghost
  7143 | D:8      | Found a white marble altar of Elyvilon.
  7151 | D:8      | Found a snail-covered altar of Cheibriados.
  7181 | D:8      | Reached skill level 10 in Axes
  7186 | D:8      | Found a sacrificial altar of Ru.
  7217 | D:8      | Found an iron altar of Okawaru.
  7632 | D:9      | Reached skill level 11 in Shields
  7820 | D:9      | Acquired Okawaru's second power
  7841 | D:9      | Found a staircase to the Lair.
  7888 | D:9      | Found a shimmering altar of Xom.
  7889 | D:9      | Found a shimmering altar of Xom.
  7889 | D:9      | Found a shimmering altar of Xom.
  7889 | D:9      | Found a shimmering altar of Xom.
  7889 | D:9      | Found a shimmering altar of Xom.
  7890 | D:9      | Found a shimmering altar of Xom.
  7897 | D:9      | Found a shimmering altar of Xom.
  8015 | D:9      | Reached XP level 11. HP: 74/97 MP: 10/10
  8172 | D:10     | Entered Level 10 of the Dungeon
  8431 | D:10     | Noticed a hill giant
  8441 | D:10     | Killed a hill giant
  8509 | D:10     | Found a portal to a secret trove of treasure.
  8521 | D:10     | Received a gift from Okawaru
  9281 | D:11     | Reached skill level 10 in Armour
  9317 | D:11     | Reached skill level 12 in Shields
  9415 | D:11     | Reached skill level 10 in Fighting
  9531 | D:11     | Noticed a hill giant
  9535 | D:11     | Killed a hill giant
  9582 | D:11     | Noticed a hill giant
  9590 | D:11     | Killed a hill giant
  9975 | D:11     | Found a staircase to the Orcish Mines.
 10592 | D:12     | Reached XP level 12. HP: 57/108 MP: 11/11
 10795 | D:12     | Found a corrupted altar of Lugonu.
 11016 | D:12     | Received a gift from Okawaru
 11026 | D:12     | Identified a +0 pair of boots of running (Okawaru gifted it to you on level 12 of the Dungeon)
 11030 | D:12     | Found a shattered altar of Ashenzari.
 11489 | D:13     | Noticed a four-headed hydra
 11498 | D:13     | Noticed a centaur warrior
 11513 | D:13     | Killed a four-headed hydra
 11513 | D:13     | Reached skill level 13 in Shields
 11521 | D:13     | Killed a centaur warrior
 11630 | D:13     | Reached skill level 1 in Maces & Flails
 11906 | D:13     | Noticed a centaur warrior
 11915 | D:13     | Killed a centaur warrior
 11923 | D:13     | Reached skill level 5 in Dodging
 12108 | D:13     | Identified a scroll of acquirement
 12120 | D:13     | Got a pair of crude boots
 12131 | D:13     | Identified the +2 pair of boots "Assiz" {+Inv rF+ MP+9 Dex+4} (You acquired it on level 13 of the Dungeon)
 12219 | D:13     | Reached skill level 14 in Axes
 12219 | D:13     | Reached skill level 1 in Invocations
 12306 | D:13     | Reached XP level 13. HP: 100/117 MP: 12/12
 12383 | D:13     | Found a shimmering altar of Xom.
 12626 | D:14     | Noticed Nessos
 12660 | D:14     | Killed Nessos
 12712 | D:14     | Received a gift from Okawaru
 12716 | D:14     | Got a sapphire broad axe {god gift}
 12717 | D:14     | Identified the +1 broad axe of Vyos {chop, rC+} (Okawaru gifted it to you on level 14 of the Dungeon)
 12883 | D:14     | Found a gate to the Vaults.
 12896 | D:14     | Received a gift from Okawaru
 12917 | D:14     | Got a slimy cloak {god gift}
 12928 | D:14     | Identified the +1 cloak of Hedge Wizardry {*Corrode rPois MP+9 Stlth+} (Okawaru gifted it to you on level 14 of the Dungeon)
 13035 | D:14     | Reached skill level 15 in Axes
 13370 | D:14     | Found an iron altar of Okawaru.
 13905 | D:15     | Entered Level 15 of the Dungeon
 14093 | D:15     | Found a staircase to the Depths.
 14093 | D:15     | Noticed a fire giant
 14157 | D:15     | Reached XP level 14. HP: 56/129 MP: 14/14
 14370 | D:15     | Mangled by a titanic slime creature

Vault maps used:
D:1:      dpeg_arrival_court
D:2:      old_standard_altar, uniq_natasha
D:3:      yredelemnul_altar_generic, lemuel_crystal_altar, uniq_grinder,
          uniq_jessica, uniq_iyjb
D:4:      first_bread, uniq_sigmund, uniq_menkaure, uniq_eustachio
D:5:      grunt_qazlal_clouds, temple_hall
D:6:      kennysheep_mini_moat, kennysheep_vampire_church,
          roderic_ancient_swastika
D:7:      serial_shops, shop, grunt_livestock
D:8:      due_megacathedral, serial_shops, shop
D:9:      xom_shifter_show, grunt_lair_entry_elf_guard_hut
D:10:     mumra_celtic_spiral_tile, nicolae_trove_entry_crossroad
D:11:     orc_0_dummy
D:12:     basic_altar, tgw_lugonu_bribe
D:13:     basic_altar
D:14:     grunt_vaults_entry_tiered, basic_altar, nicolae_wwwww, uniq_nessos
D:15:     grunt_enter_depths_giant_problem, serial_park_square2, uniq_rupert
Temple:   eino_temple_water_12

Action                   |  1- 3 |  4- 6 |  7- 9 | 10-12 | 13-15 || total
-------------------------+-------+-------+-------+-------+-------++-------
Melee: War axe           |    76 |    94 |   361 |   783 |    27 ||  1341
       Flail             |       |       |       |    11 |     5 ||    16
       Broad axe         |       |       |       |       |   316 ||   316
Invok: Heroism           |       |       |       |     5 |     3 ||     8
Evoke: Wand              |       |       |       |       |     1 ||     1
  Use: Potion            |       |       |     1 |       |     2 ||     3
       Scroll            |       |       |       |    15 |     7 ||    22
  Eat: Chunk             |       |     4 |    14 |    25 |    10 ||    53
       Fruit             |       |       |     1 |       |       ||     1
